 Dungeon Sprint DCSS version 0.20-b1 (webtiles) character file.

36008 potatolord6000 the Warrior (level 13, 0/141 HPs)
             Began as a Black Draconian Gladiator on May 19, 2017.
             Was an Initiate of Gozag.
             Slain by an orb spider (4 damage)
             ... in the Dungeon (Sprint IX: "|||||||||||||||||||||||||||||").
             The game lasted 00:13:33 (4090 turns).

potatolord6000 the Warrior (DrGl)                   Turns: 4090, Time: 00:13:34

Health: 0/141      AC:  5    Str: 20    XL:     13   Next: 50%
Magic:  27/27      EV: 33    Int: 15    God:    Gozag
Gold:   542        SH:  0    Dex: 22    Spells: 24/33 levels left

rFire    . . .     SeeInvis .   s - +9 lajatang (pain)
rCold    . . .     Gourm    .   (shield currently unavailable)
rNeg     . . .     Faith    .   (armour unavailable)
rPois    .         Spirit   .   b - +2 hat
rElec    +         Reflect  .   n - +1 cloak
rCorr    .         Harm     .   t - +1 pair of gloves
MR       .....     NoTele   +   a - +2 pair of boots
Stlth    ++........             (no amulet)
Regen    0.4/turn               B - ring "Koun" {Int+4 Dex+8}
MPRegen  0.2/turn               m - +3 ring of evasion

@: lethally poisoned (0 -> -2), corroded, gold aura
A: breathe lightning, unfitting armour, hooves 1, stinger 1, clever 1,
electricity resistance, cold-blooded, AC +8
a: Breathe Lightning, Potion Petition, Call Merchant, Bribe Branch, Renounce
Religion


You were in the Dungeon.
You worshipped Gozag.
Gozag was pleased with you.
You were not hungry.

You visited 1 branch You collected 11491 gold pieces.
You spent 3918 gold pieces at shops.
You paid 7031 gold pieces to Gozag.

Inventory:

Hand Weapons
 s - a +9 lajatang of pain (weapon)
Armour
 a - a +2 pair of boots (worn)
 b - a +2 hat (worn)
 n - a +1 cloak (worn)
 t - a +1 pair of gloves (worn)
Jewellery
 m - a +3 ring of evasion (right hand)
 B - the ring "Koun" (left hand) {Int+4 Dex+8}
   (You bought it in a shop in the Dungeon)

   [ring of intelligence]

   It affects your intelligence (+4).
   It affects your dexterity (+8).
Scrolls
 j - 3 scrolls of blinking
 k - 4 scrolls of remove curse
 l - 2 scrolls of amnesia
 y - a scroll of identify
 A - 2 scrolls of fog
Potions
 c - a potion of invisibility
 d - 2 potions of agility
 e - 6 potions of curing
 f - a potion of heal wounds
 g - a potion of might
 h - 4 potions of magic
 i - 3 potions of brilliance
 p - a potion of ambrosia
 x - a potion of berserk rage
 z - a potion of resistance
Books
 v - a book of the Tempests

   Spells                             Type                      Level
   a - Static Discharge               Conjuration/Air              3
   b - Lightning Bolt                 Conjuration/Air              5
   c - Ignition                       Fire                         8
   d - Tornado                        Air                          9
   e - Shatter                        Earth                        9
 w - the Handbook of Mutagenic Cold
   (You bought it in a shop in the Dungeon)

   Spells                             Type                      Level
   a - Freeze                         Ice                          1
   b - Beastly Appendage              Transmutation                1
   c - Sticks to Snakes               Transmutation                2
   d - Petrify                        Transmutation/Earth          4
   e - Simulacrum                     Ice/Necromancy               6
   f - Hydra Form                     Transmutation                6
Comestibles
 o - 40 fruits
 q - 12 bread rations
 r - 10 meat rations


   Skills:
 + Level 20.7 Fighting
 + Level 19.4 Staves
 - Level 1.7 Throwing
 + Level 18.1 Dodging
 + Level 10.5 Spellcasting


You had 24 spell levels left.
You knew the following spells:

 Your Spells              Type           Power        Failure   Level  Hunger
a - Hydra Form            Tmut           #.........   100%        6    ######.
b - Static Discharge      Conj/Air       #.......     28%         3    None


Dungeon Overview and Level Annotations

Branches:
Dungeon (1/1)

Altars:
Cheibriados
Dithmenos
Elyvilon
Fedhas
Gozag
Hepliaklqana
Kikubaaqudgha
Makhleb
Nemelex Xobeh
Okawaru
Qazlal
Ru
Sif Muna
Trog
Uskayaw
Vehumet
Xom
Yredelemnul
Zin
The Shining One
Beogh
Jiyva
Lugonu

Shops:
D ![=?:}(((=(


Innate Abilities, Weirdness & Mutations

You can breathe wild blasts of lightning.
Your glossy black scales are hard. (AC +8)
You cannot fit into any form of body armour.
You are resistant to electric shocks. (rElec)
You are cold-blooded and may be slowed by cold attacks.
You have large cloven feet.
Your tail ends in a poisonous barb.
Your mind is acute. (Int +2)


Message History

The jumping spider leaps!
You closely miss the jumping spider. The jumping spider pounces on you!
* * * LOW HITPOINT WARNING * * *
The jumping spider misses you.
You slice the jumping spider!!
The jumping spider is almost dead.
You feel sick.
The jumping spider leaps!
You feel sick. The orb spider completely misses you.
The entropy weaver mumbles some strange words.
The entropic weave corrodes you!
The jumping spider leaps!
The orb spider misses you.
There is an open door to the Spider Nest here.
You see here 387 gold pieces.
You hit the orb spider.
The orb spider is lightly wounded.
You slash the orb spider!
The orb spider is moderately wounded.
You feel sick. The orb spider bites you.
You die...
Your body crumbles into a pile of gold.

▓.▓[▓.▓)▓.▓.▓.▓.
▓s▓.▓'▓.▓)▓.▓.▓.▓.
▓.▓.▓.▓.▓)▓.▓'▓.▓'
$
▓§▓.▓.▓.▓'▓.▓.▓.▓_
▓a▓.▓.▓.▓.▓.▓∩▓.▓_
▓s▓.▓.▓.▓.▓.▓.▓.▓_
▓s▓[▓.▓.▓.▓.▓.▓.▓_
▓s▓[▓.▓.▓.▓.▓.▓.▓.
▓@▓.▓∩▓.▓.▓.▓.▓.▓_
▓∩▓[▓.▓.▓.▓.▓.▓.▓_
▓.▓[▓=▓)▓.▓.▓.▓.▓_
▓.▓)▓.▓.▓[▓.▓.▓.▓_
▓.▓∩▓[▓.▓[▓.▓'▓.▓_
▓.▓.▓[▓.▓[▓.▓.▓.▓_
▓(▓.▓[▓.▓[▓.▓.▓.▓_
▓)▓.▓[▓.▓[▓.▓.▓.▓_
▓.▓.▓[▓.▓'▓.▓.▓.▓_


You could see an entropy weaver, a demonic crawler, an orb spider, a jumping
spider and a redback.

Vanquished Creatures
  Saint Roka (D)
  Gastronok (D)
  2 nagarajas (D)
  An emperor scorpion (D)
  Aizul (D)
  A very ugly thing (D)
  2 ogre magi (D)
  Josephine (D)
  2 hydras (D)
  A naga warrior (D)
  A satyr (D)
  5 orc high priests (D)
  A tengu warrior (D)
  A naga sharpshooter (D)
  A skeletal warrior (D)
  A glowing orange brain (D)
  A sea snake (D)
  2 orc knights (D)
  An orb spider (D)
  A harpy (D)
  4 orc sorcerers (D)
  A manticore (D)
  A cyclops (D)
  2 water nymphs (D)
  Maurice (D)
  4 black mambas (D)
  A gargoyle (D)
  A naga mage (D)
  2 spiny frogs (D)
  3 tyrant leeches (D)
  2 merfolk (D)
  A troll (D)
  2 blink frogs (D)
  A hippogriff (D)
  A shadow (D)
  2 redbacks (D)
  4 wraiths (D)
  2 yaks (D)
  A wyvern (D)
  Grum (D)
  2 vampire mosquitoes (D)
  A naga (D)
  A soldier ant (shapeshifter) (D)
  A water moccasin (D)
  3 porcupines (D)
  14 orc warriors (D)
  A black bear (D)
  2 ogres (D)
  5 wolves (D)
  A boggart (D)
  5 crocodiles (D)
  2 bullfrogs (D)
  A crimson imp (D)
  A jelly (D)
  7 orc wizards (D)
  A gnoll (D)
  3 shadow imps (D)
  2 adder zombies (D)
  16 orcs (D)
  A bat skeleton (D)
  A bat zombie (D)
  A giant cockroach (D)
  2 goblins (D)
  A ball python zombie (D)
  A bat (D)
  A jackal skeleton (D)
  A kobold (D)
143 creatures vanquished.

Notes
Turn   | Place    | Note
-------+----------+-------------------------------------------
     0 | D        | potatolord6000 the Draconian Gladiator began the quest for the Orb.
     0 | D        | Reached XP level 1. HP: 17/17 MP: 1/1
    20 | D        | Reached skill level 3 in Fighting
   129 | D        | Reached XP level 2. HP: 23/26 MP: 2/2
   138 | D        | Reached skill level 4 in Fighting
   143 | D        | Reached XP level 3. HP: 17/34 MP: 3/3
   151 | D        | Found a roughly hewn altar of Beogh.
   151 | D        | Found a snail-covered altar of Cheibriados.
   151 | D        | Found a shadowy altar of Dithmenos.
   151 | D        | Found a white marble altar of Elyvilon.
   151 | D        | Found a blossoming altar of Fedhas.
   151 | D        | Found an opulent altar of Gozag.
   152 | D        | Found a hazy altar of Hepliaklqana.
   153 | D        | Found a viscous altar of Jiyva.
   154 | D        | Found an ancient bone altar of Kikubaaqudgha.
   155 | D        | Found a corrupted altar of Lugonu.
   156 | D        | Found a burning altar of Makhleb.
   157 | D        | Found a sparkling altar of Nemelex Xobeh.
   158 | D        | Found an iron altar of Okawaru.
   159 | D        | Became a worshipper of Gozag Ym Sagoz the Greedy
   160 | D        | Found a stormy altar of Qazlal.
   163 | D        | Found a sacrificial altar of Ru.
   164 | D        | Found a deep blue altar of Sif Muna.
   165 | D        | Found a bloodstained altar of Trog.
   166 | D        | Found a hide-covered altar of Uskayaw.
   167 | D        | Found a radiant altar of Vehumet.
   169 | D        | Found a shimmering altar of Xom.
   170 | D        | Found a basalt altar of Yredelemnul.
   171 | D        | Found a glowing silver altar of Zin.
   172 | D        | Found a glowing golden altar of the Shining One.
   295 | D        | Noticed an orc warrior
   295 | D        | Noticed a gargoyle
   295 | D        | Noticed a yak
   295 | D        | Noticed an ogre
   303 | D        | Killed an ogre
   303 | D        | Reached skill level 6 in Fighting
   303 | D        | Reached skill level 5 in Dodging
   303 | D        | Reached XP level 4. HP: 43/44 MP: 4/4
   312 | D        | Killed a yak
   312 | D        | Reached skill level 8 in Fighting
   312 | D        | Reached XP level 5. HP: 48/53 MP: 5/5
   319 | D        | Killed a gargoyle
   319 | D        | Reached skill level 9 in Fighting
   319 | D        | Reached XP level 6. HP: 60/66 MP: 6/6
   319 | D        | Your scales start taking on a glossy black colour.
   319 | D        | Reached XP level 7. HP: 65/71 MP: 7/7
   319 | D        | Gained mutation: You are resistant to electric shocks. (rElec) [Black Draconian growth]
   338 | D        | Reached skill level 10 in Fighting
   570 | D        | Noticed a troll
   570 | D        | Noticed a skeletal warrior
   582 | D        | Reached skill level 10 in Staves
   600 | D        | Killed a skeletal warrior
   600 | D        | Reached skill level 11 in Fighting
   600 | D        | Reached skill level 10 in Dodging
   600 | D        | Reached XP level 8. HP: 74/83 MP: 8/8
   605 | D        | Killed a troll
   605 | D        | Reached skill level 12 in Fighting
   747 | D        | Gained mutation: Your mind is acute. (Int +2) [potion of mutation]
   747 | D        | Gained mutation: Your tail ends in a poisonous barb. [potion of mutation]
   747 | D        | Gained mutation: You have large cloven feet. [potion of mutation]
   830 | D        | Noticed a hippogriff
   830 | D        | Noticed a spiny frog
   840 | D        | Killed a spiny frog
   848 | D        | Reached XP level 9. HP: 50/92 MP: 9/9
   860 | D        | Reached skill level 13 in Fighting
   986 | D        | Bought a +5 lajatang of pain for 1032 gold pieces
  1101 | D        | Noticed a black mamba
  1101 | D        | Noticed a spiny frog
  1117 | D        | Killed a spiny frog
  1125 | D        | Killed a black mamba
  1125 | D        | Reached skill level 14 in Fighting
  1130 | D        | Noticed a four-headed hydra
  1314 | D        | Killed a ten-headed hydra
  1314 | D        | Reached XP level 10. HP: 38/104 MP: 10/10
  1328 | D        | Bought a +3 ring of evasion for 252 gold pieces
  1576 | D        | Reached skill level 15 in Fighting
  1737 | D        | Bought the ring "Pazo" {rC+ MP+9 Dex+5} for 534 gold pieces
  1779 | D        | Noticed Gastronok
  1793 | D        | Killed Gastronok
  1793 | D        | Reached skill level 16 in Fighting
  1793 | D        | Reached skill level 15 in Staves
  1974 | D        | Noticed an orc sorcerer
  1974 | D        | Noticed an orc high priest
  1981 | D        | Killed an orc high priest
  1981 | D        | Reached XP level 11. HP: 114/115 MP: 11/11
  1985 | D        | Killed an orc sorcerer
  2003 | D        | Noticed an orc knight
  2020 | D        | Killed an orc knight
  2193 | D        | Found Axuas's Weapon Boutique.
  2193 | D        | Noticed an orc high priest
  2193 | D        | Noticed an orc knight
  2193 | D        | Noticed an orc high priest
  2193 | D        | Noticed an orc high priest
  2194 | D        | Noticed an orc high priest
  2196 | D        | Killed an orc high priest
  2196 | D        | Reached skill level 17 in Fighting
  2197 | D        | Noticed a sixfirhy
  2208 | D        | Killed an orc high priest
  2208 | D        | Reached skill level 15 in Dodging
  2209 | D        | Found Taobbud's Gadget Shop.
  2209 | D        | Noticed an orc sorcerer
  2215 | D        | Killed an orc knight
  2218 | D        | Killed an orc high priest
  2225 | D        | Killed an orc high priest
  2226 | D        | Found Wegidol's Book Boutique.
  2230 | D        | Paralysed by an orc sorcerer for 3 turns
  2234 | D        | Killed an orc sorcerer
  2238 | D        | Found Louppo Docru's Magic Scroll Shop.
  2240 | D        | Noticed an orc sorcerer
  2243 | D        | Noticed an orc sorcerer
  2244 | D        | Noticed a soul eater
  2253 | D        | Killed an orc sorcerer
  2260 | D        | Killed an orc sorcerer
  2260 | D        | Reached skill level 18 in Fighting
  2318 | D        | Bought the Handbook of Mutagenic Cold for 595 gold pieces
  2318 | D        | Bought a book of the Tempests for 770 gold pieces
  2328 | D        | Learned a level 6 spell: Hydra Form
  2332 | D        | Learned a level 3 spell: Static Discharge
  2548 | D        | Noticed Maurice
  2573 | D        | Killed Maurice
  2573 | D        | Reached skill level 1 in Spellcasting
  2596 | D        | Noticed Grum
  2604 | D        | Killed Grum
  2630 | D        | Noticed Josephine
  2651 | D        | Killed Josephine
  2651 | D        | Reached XP level 12. HP: 50/127 MP: 16/16
  3001 | D        | Noticed a five-headed hydra
  3012 | D        | Killed a ten-headed hydra
  3020 | D        | Noticed an ogre mage
  3042 | D        | Killed an ogre mage
  3046 | D        | Noticed a purple very ugly thing
  3049 | D        | Noticed a tengu warrior
  3053 | D        | Noticed an ogre mage
  3054 | D        | Killed a purple very ugly thing
  3054 | D        | Reached skill level 5 in Spellcasting
  3068 | D        | Killed a tengu warrior
  3072 | D        | Killed an ogre mage
  3072 | D        | Reached skill level 19 in Fighting
  3113 | D        | Bought the ring "Koun" {Int+4 Dex+8} for 660 gold pieces
  3336 | D        | Noticed Aizul
  3341 | D        | Noticed Saint Roka
  3345 | D        | Killed Aizul
  3374 | D        | Killed Saint Roka
  3810 | D        | Noticed a nagaraja
  3810 | D        | Noticed a naga warrior
  3821 | D        | Noticed a nagaraja
  3825 | D        | Reached XP level 13. HP: 135/139 MP: 25/25
  3835 | D        | Killed a nagaraja
  3843 | D        | Reached skill level 20 in Fighting
  3855 | D        | Killed a nagaraja
  3937 | D        | Reached skill level 10 in Spellcasting
  3987 | D        | Bought a potion of heal wounds for 75 gold pieces
  4051 | D        | Noticed an emperor scorpion
  4068 | D        | Noticed an entropy weaver
  4082 | D        | Killed an emperor scorpion
  4086 | D        | HP: 6/141 [jumping spider (14)]
  4090 | D        | Slain by an orb spider

Skill      XL: |  1  2  3  4  5  6  7  8  9 10 11 12 13 |
---------------+----------------------------------------+-----
Dodging        | 3 4 5 7 8 10 11 12 14 15 17 18 | 18.1
Fighting       | 3 4 6 8 9 11 12 14 16 18 19 20 | 20.7
Staves         | 4 6 7 9 11 13 15 17 18 19 | 19.4
Spellcasting   | 3 8 10 | 10.5
Throwing       | |  1.7

Action                   |  1- 3 |  4- 6 |  7- 9 | 10-12 | 13-15 || total
-------------------------+-------+-------+-------+-------+-------++-------
Melee: Quarterstaff      |    44 |    15 |   103 |       |       ||   162
       Tailslap          |     5 |     3 |    17 |    60 |    35 ||   120
       Lajatang          |       |       |    33 |   330 |   121 ||   484
Invok: Call Merchant     |       |       |     1 |     5 |     1 ||     7
 Abil: Breathe Lightning |       |       |     4 |     1 |       ||     5
  Use: Potion            |     1 |       |     3 |     2 |       ||     6
       Scroll            |       |       |     8 |       |       ||     8
 Stab: Distracted        |       |       |       |     4 |     2 ||     6
  Eat: Bread ration      |       |       |     1 |       |       ||     1
       Meat ration       |       |       |       |     2 |       ||     2
Armor: Skin              |     7 |       |    16 |    43 |    15 ||    81
Dodge: Dodged            |    36 |     3 |    72 |   198 |   104 ||   413
